 Dungeon Crawl Stone Soup version 0.29-a0-284-gf9362112df (webtiles) character file.

Game seed: 13815221658006396999

62 sokol815 the Chopper (level 3, -1/29 HPs)
             Began as a Demonspawn Monk on Mar 24, 2022.
             Slain by Grinder (2 damage)
             ... on level 3 of the Dungeon.
             The game lasted 00:05:30 (2888 turns).

sokol815 the Chopper (Demonspawn Monk)              Turns: 2888, Time: 00:05:31

Health: -1/29      AC:  8    Str: 10 (13) XL:     3   Next: 85%
Magic:  3/3        EV:  4    Int:  9 (11) God:
Gold:   65         SH:  0    Dex: 14 (15) Spells: 2/2 levels left

rFire   . . .      SeeInvis .   a - +0 hand axe
rCold   . . .      Faith    .   (no shield)
rNeg    + . .      Spirit   .   k - +0 chain mail
rPois   .          Reflect  .   (helmet restricted)
rElec   .          Harm     .   (no cloak)
rCorr   .          Rampage  .   (no gloves)
Will    .....                   (no boots)
Stlth   ..........              (no amulet)
HPRegen 0.09/turn               N - ring of positive energy {rN+}
MPRegen 0.08/turn               (no ring)

@: invisible
A: antennae 1
a: no special abilities


You were on level 3 of the Dungeon.
You visited 1 branch of the dungeon, and saw 3 of its levels.

You collected 65 gold pieces.

Inventory:

Hand Weapons
 a - a +0 hand axe (weapon)
Missiles
 s - 44 stones
Armour
 b - a +0 robe
 c - a +0 leather armour
   (You found it on level 1 of the Dungeon)
 k - a +0 chain mail (worn)
   (You found it on level 2 of the Dungeon)
 l - a +0 ring mail
   (You found it on level 1 of the Dungeon)
Jewellery
 f - a ring of fire {rF+, rC-}
   (You took it off a hobgoblin on level 2 of the Dungeon)
 N - a ring of positive energy (left hand) {rN+}
   (You found it on level 2 of the Dungeon)
Scrolls
 h - 3 scrolls of noise {!r}
 K - 2 scrolls of immolation {!r}
Potions
 e - a potion of attraction {!q}
 m - a potion of curing {unknown}
 G - a potion of ambrosia {!q}


   Skills:
 - Level 3.0 Fighting
 + Level 4.4 Axes
 - Level 2.6 Dodging
 - Level 1.7 Stealth


You had 2 spell levels left.
You didn't know any spells.
Your spell library was empty.

Dungeon Overview and Level Annotations

Branches:
Dungeon (3/15)

Altars:

Annotations:
D:1 2 transporters
D:3 Grinder


Innate Abilities, Weirdness & Mutations

You have a pair of small antennae on your head.


Message History

You slash Grinder! You hit the orc.
You kill the orc!
Grinder hits you.
* * * LOW HITPOINT WARNING * * *
You take 1 damage, and have 9/43 hp.
You closely miss Grinder. Grinder hits you.
* * * LOW HITPOINT WARNING * * *
You writhe in agony.
* * * LOW HITPOINT WARNING * * *
You take 6 damage, and have 3/43 hp.
You hit Grinder. You hit Grinder. Grinder hits you.
* * * LOW HITPOINT WARNING * * *
You take 2 damage, and have 1/43 hp.
You are too berserk!
You barely miss Grinder.
Grinder blinks!
Grinder gestures at you. You resist with significant effort.
There is a stone staircase leading up here.
You feel a strong urge to attack something.
You climb upwards.
You are no longer berserk.
You are exhausted.
You feel yourself slow down.
There is a stone staircase leading down here.
You now have 1/29 hp.
You start resting.
You feel yourself speed up.
You regained 3 hp, and now have 4/29 hp.
You start resting.
You recover from your berserk rage.
You start resting.
Health restored: 29 You climb downwards.
Level annotation: Grinder Grinder gestures at you.
You are unaffected.
There is a stone staircase leading up here.
Okay, then.
As you read the scroll labelled ITHRUFF LIEXEC, it crumbles to dust.
It is a scroll of identify.
e - a potion of attraction You closely miss Grinder.
Grinder says, "My boss said I was rubbish.
His entrails said otherwise."
Grinder hits you but does no damage.
You hit Grinder but do no damage. Grinder hits you.
You writhe in agony.
You take 6 damage, and have 23/29 hp.
MASSIVE DAMAGE!!
You hit Grinder. Grinder gestures at you. Pain shoots through your body!
You take 3 damage, and have 20/29 hp.
You hit Grinder but do no damage. Grinder barely misses you.
You hit Grinder but do no damage. Grinder gestures at you.
You resist with significant effort.
You hit Grinder. Grinder closely misses you.
Unknown command.
You barely miss Grinder. Grinder hits you but does no damage.
You hit Grinder. Grinder hits you!
You take 9 damage, and have 12/29 hp.
MASSIVE DAMAGE!!
You are too injured to fight recklessly!
You hit Grinder but do no damage. Grinder closely misses you.
You hit Grinder but do no damage.
Grinder blinks!
Grinder gestures at you.
You barely resist. Grinder barely misses you.
You hit Grinder.
Grinder says, "You look like you could use a good racking."
Grinder blinks!
Grinder gestures at you.
You barely resist. Grinder hits you.
* * * LOW HITPOINT WARNING * * *
There is a stone staircase leading up, spattered with blood here.
You take 6 damage, and have 6/29 hp.
MASSIVE DAMAGE!!
It was a potion of degeneration.
There was something very wrong with that liquid.
You feel weakened.
You feel dopey.
You feel clumsy.
Grinder blinks!
It was a potion of invisibility.
You fade into invisibility!
You barely miss Grinder. Grinder hits you.
* * * LOW HITPOINT WARNING * * *
You writhe in agony.
* * * LOW HITPOINT WARNING * * *
You take 6 damage, and have 1/29 hp.
MASSIVE DAMAGE!!
You hit Grinder. Grinder hits you but does no damage.
You hit Grinder. Grinder barely misses you.
You slash Grinder! Grinder gestures at you.
You barely resist. You hit Grinder but do no damage.
Grinder hits you but does no damage.
You closely miss Grinder. Grinder hits you.
You die...

# ##### .#
##...##..#
.####.....#..####
..........÷.....o
##...÷..#######
#.#).5## ##@##
#.# #.# #.# #.#
#.. ###. .. ##


You could see Grinder (can't see you).

Vanquished Creatures
  2 adders
  A dart slug (D:1)
  A worm (D:2)
  An orc (D:3)
  6 bats
  4 endoplasms
  A giant cockroach (D:1)
  2 goblins
  5 hobgoblins
  A quokka (D:2)
  2 ball pythons
  4 frilled lizards
  5 kobolds
  A rat (D:1)
36 creatures vanquished.

Notes
Turn   | Place    | Note
-------+----------+-------------------------------------------
     0 | D:1      | sokol815 the Demonspawn Monk began the quest for the Orb.
     0 | D:1      | Reached XP level 1. HP: 18/18 MP: 1/1
    97 | D:1      | Reached skill level 3 in Axes
   357 | D:1      | Gained mutation: You have a pair of small antennae on your
                  | head. [demonic ancestry]
   357 | D:1      | Reached XP level 2. HP: 23/24 MP: 2/2
   495 | D:1      | Found a faded altar of an unknown god.
  1526 | D:2      | Noticed a scorpion
  1651 | D:2      | Reached XP level 3. HP: 21/29 MP: 3/3
  1978 | D:2      | Reached skill level 4 in Axes
  2545 | D:3      | Noticed Grinder
  2552 | D:3      | HP: 6/29 [Grinder (3)]
  2558 | D:3      | HP: 1/43 [Grinder (2)]
  2880 | D:3      | HP: 6/29 [Grinder (6)]
  2883 | D:3      | HP: 1/29 [Grinder (2)]
  2888 | D:3      | Slain by Grinder

Illustrated notes

Levels and vault maps discovered:
D:1:      spicycebolla_arrival_teleporter_tutorial, layout_basic,
          hellmonk_ecumenical_altar_blasted, grunt_decor_fettered
D:2:      layout_rooms, minmay_cut_off
D:3:      layout_loops_ring, uniq_terence, uniq_ijyb, uniq_grinder

Skill      XL: |  1  2  3 |
---------------+----------+-----
Axes           | 3 4 |  4.4
Fighting       | |  3.0
Dodging        | |  2.6
Stealth        | |  1.7

Action                   || total
-------------------------++-------
Melee: Hand axe          ||   167
       Punch             ||     1
Throw: Stone             ||    11
  Use: Scroll            ||     7
       Potion            ||     3
Armor: Leather armour    ||    13
       Ring mail         ||    22
       Chain mail        ||    36
Dodge: Dodged            ||    73

Table legend: (Time is in decaauts)
 A = Elapsed time spent in this place.
 B = Non-inter-level travel time spent in this place.
 C = Inter-level travel time spent in this place.
 D = Time resting spent in this place.
 E = Time spent auto-exploring this place.
 F = Levels seen in this place.
 G = Mean time per level.
                   A        B        C        D        E       F      G
               +--------+--------+--------+--------+--------+-----+--------+
         Total |   2922 |   2797 |    125 |   1208 |    905 |   3 |  974.0 |
       Dungeon |   2922 |   2797 |    125 |   1208 |    905 |   3 |  974.0 |
               +--------+--------+--------+--------+--------+-----+--------+

Top non-repeatable levels by time:
     D:1: 1477 daAuts
     D:2: 1276 daAuts
     D:3: 168 daAuts

Table legend:
 A = Kills in this place as a percentage of kills in entire the game.
 B = Kills by you in this place as a percentage of kills by you in the entire game.
 C = Kills by friends in this place as a percentage of kills by friends in the entire game.
 D = Other kills in this place as a percentage of other kills in the entire game.
 E = Experience gained in this place as a percentage of experience gained in the entire game.
 F = Experience gained in this place divided by the number of levels of this place that you have seen.
                   A       B       C       D       E      F
               +-------+-------+-------+-------+-------+----------------------
         Total | 100.0 | 100.0 |   N/A |   N/A | 100.0 |  29.7
       Dungeon | 100.0 | 100.0 |   N/A |   N/A | 100.0 |  29.7
               +-------+-------+-------+-------+-------+----------------------
